 Dungeon Crawl Stone Soup version 0.27.0-1-g7a089689b8 (webtiles) character file.

Game seed: 14737043871809692677

30 Spectrina the Magician (level 3, 0/25 HPs)
             Began as a Djinni Necromancer on Aug 17, 2021.
             Was a Follower of Nemelex Xobeh.
             Killed from afar by a dart slug (5 damage)
             ... with a slug dart
             ... on level 1 of the Dungeon.
             The game lasted 00:07:55 (668 turns).

Spectrina the Magician (Djinni Necromancer)          Turns: 668, Time: 00:07:55

Health: 0/25       AC:  2    Str:  7    XL:     3   Next: 35%
Gold:   13         EV: 12    Int: 17    God:    Nemelex Xobeh [*.....] SH:  0 Dex: 13

rFire    + + .     SeeInvis .   (no weapon)
rCold    x . .     Faith    .   (no shield)
rNeg     . . .     Spirit   .   a - +0 robe
rPois    ∞         Reflect  .   (no helmet)
rElec    .         Harm     .   b - scarf {+Inv}
rCorr    .         Rampage  .   (no gloves)
Will     .....                  (boots unavailable)
Stlth    ++........             (no amulet)
HPRegen  0.08/turn              (no ring)
MPRegen  0.00/turn              (no ring)

@: flying
A: sickness immunity, fire resistance 2, cold vulnerability 1, float, innate
caster, hp casting, extra vitality 1
a: Renounce Religion, Evoke Invisibility, Draw Escape, Draw Destruction, Draw
Summoning


You were on level 1 of the Dungeon.
You worshipped Nemelex Xobeh.
Nemelex Xobeh was aware of your devotion.
You visited 1 branch of the dungeon, and saw 2 of its levels.

You collected 13 gold pieces.

Inventory:

Armour
 a - a +0 robe (worn)
 b - a scarf of invisibility (worn)
Scrolls
 c - a scroll of enchant armour {unknown}


   Skills:
 - Level 2.1 Dodging
 - Level 1.5 Stealth
 + Level 4.0 Spellcasting


You couldn't memorise any spells.
You knew the following spells:

 Your Spells              Type           Power      Damage    Failure   Level
a - Pain                  Necr           68%        1d7       3%          1
k - Agony                 Necr           17%        N/A       63%         5
l - Vampiric Draining     Necr           8%         2d7       9%          3
m - Animate Skeleton      Necr           34%        N/A       3%          1
n - Animate Dead          Necr           8%         N/A       30%         4
p - Beastly Appendage     Tmut           34%        N/A       3%          1
Your spell library was empty.

Dungeon Overview and Level Annotations

Branches:
Dungeon (2/15)

Altars:
Nemelex Xobeh


Innate Abilities, Weirdness & Mutations

You are immune to sickness and miasma.
You are immune to poison.
Your flesh is very heat resistant. (rF++)
You are vulnerable to cold. (rC-)
You float through the air rather than walking.
You learn spells naturally, not from books.
Your magical power is your life essence.
You have superior vitality. (+4 HP)


Message History

* * * LOW HITPOINT WARNING * * *
A ball python comes into view.
Unknown command.
You reach down and open the door.
The ball python hisses angrily.
The ball python bites you.
* * * LOW HITPOINT WARNING * * *
The ball python closely misses you.
Casting: Vampiric Draining (quite dangerous; 9% risk of failure)
Confirm with . or Enter, or press ? or * to list all spells.
The spell is quite dangerous to cast (9% risk of failure)!
Continue anyway?
Aiming: Vampiric Draining (quite dangerous; 9% risk of failure)
Press: ? - help, Shift-Dir - straight line, f - ball python
Aim: a ball python You draw life force from the ball python!
You kill the ball python!
You feel life coursing into your body.
* * * LOW HITPOINT WARNING * * *
Unknown command.
Found a scroll labelled FILIUG BUFIZUKH.
A goblin comes into view. It is wielding a +0 club.
An endoplasm comes into view.
Casting: Vampiric Draining (quite dangerous; 9% risk of failure)
Confirm with . or Enter, or press ? or * to list all spells.
The spell is quite dangerous to cast (9% risk of failure)!
Continue anyway?
Aiming: Vampiric Draining (quite dangerous; 9% risk of failure)
Press: ? - help, Shift-Dir - straight line, f - goblin
Aim: a goblin, wielding a +0 club (asleep)
The goblin shouts!
You draw life force from the goblin!
You kill the goblin!
You feel life coursing into your body.
* * * LOW HITPOINT WARNING * * *
Unknown command.
c - a scroll labelled FILIUG BUFIZUKH A dart slug comes into view.
The dart slug launches a dart at you. The slug dart hits you.
You die...
Your body disappears without a glow.

#.########.#.P♣.P♣P.PPP ..P#..
####..........#♣PPP..PPPPPPP♣P#.#
......##......# P♣P♣.P♣P♣P.PP.#
...).>........# P P♣.♣P♣♣PP
......##......# ....h....#+#..#
.........#.#..###############
.........#.#...w>............ .
.........#.#.###@........# ..
.........#...............# ...
.........#...............###....
.........#......................
.....#####.......####.....#....
"....# #.......####.....# ...
.....# #.###...†...####.# .....#
#.# #...........)....J.. #.#
#...........###.....


You could see a dart slug.

Vanquished Creatures
  An adder (D:2)
  An endoplasm (D:1)
  A giant cockroach (D:1)
  3 goblins (D:1)
  3 hobgoblins
  A jackal (D:1)
  5 ball pythons
  3 frilled lizards
  A kobold (D:1)
19 creatures vanquished.

Vanquished Creatures (collateral kills)
  A bat (D:2)
  An endoplasm (D:1)
2 creatures vanquished.

Grand Total: 21 creatures vanquished

Notes
Turn   | Place    | Note
-------+----------+-------------------------------------------
     0 | D:1      | Spectrina the Djinni Necromancer began the quest for the
                  | Orb.
     0 | D:1      | Reached XP level 1. HP: 15/15 MP: 0/0
    16 | D:2      | Reached XP level 2. HP: 8/21 MP: 0/0
   423 | D:1      | Reached XP level 3. HP: 3/25 MP: 0/0
   423 | D:1      | Learned a level 1 spell: Beastly Appendage
   553 | D:1      | Found a faded altar of an unknown god.
   560 | D:1      | Became a worshipper of Nemelex Xobeh the Trickster
   560 | D:1      | Reached * piety under Nemelex Xobeh
   609 | D:1      | Reached skill level 4 in Spellcasting
   668 | D:1      | Killed from afar by a dart slug

Illustrated notes

Levels and vault maps discovered:
D:1:      minmay_arrival_arboretum_large, layout_basic,
          dilly_ecumenical_altar_fadedgnrine
D:2:      layout_loops_ring, kennysheep_generic_room_16, uniq_crazy_yiuf_cottage

Skill      XL: |  1  2  3 |
---------------+----------+-----
Spellcasting   | 4 |  4.0
Dodging        | |  2.1
Stealth        | |  1.5

Action                   || total
-------------------------++-------
Melee: Unarmed           ||     1
 Cast: Pain              ||    26
       Animate Skeleton  ||     8
       Vampiric Draining ||     6
Armor: Robe              ||     1
Dodge: Dodged            ||     3
